 Dungeon Crawl Stone Soup version 0.18.1-8-gdd0e5ea (webtiles) character file.

6 santipi the Ruffian (level 1, -2/16 HPs)
             Began as a Draconian Transmuter on June 5, 2016.
             Slain by a jackal (3 damage)
             ... on level 1 of the Dungeon.
             The game lasted 00:02:51 (414 turns).

santipi the Ruffian (Draconian Transmuter)           Turns: 414, Time: 00:02:52

Health: -2/16      AC:  4    Str: 12    XL:     1   Next: 75%
Magic:  3/3        EV: 12    Int: 18    God:
Gold:   46         SH:  0    Dex: 13    Spells: 1 memorised, 3 levels left

rFire  + . .     SeeInvis .     d - +0 mace
rCold  . . .     Gourm    .     (armour unavailable)
rNeg   . . .     Faith    .     (no shield)
rPois  .         Spirit   .     (helmet restricted)
rElec  .         Dismiss  .     (no cloak)
rCorr  .         Reflect  .     (no gloves)
SustAt .         Harm     .     (no boots)
MR     .....                    (no amulet)
Stlth  +.........               (no ring)
                                (no ring)

@: brilliant, appendage (expiring), not resistant to hostile enchantments, very
unstealthy
A: unfitting armour, horns 2, agile 1, fire resistance 1, screaming 1,
cold-blooded, AC +4
a: End Transformation


You were on level 1 of the Dungeon.
You were not hungry.
You had grown temporary horns.
You visited 1 branch of the dungeon, and saw 1 of its levels.

You collected 46 gold pieces.

Inventory:

Hand Weapons
 d - a +0 mace (weapon)
Missiles
 a - 12 arrows
Jewellery
 h - a cursed ring of teleportation
Books
 b - a book of Changes

   Spells                             Type                      Level
   a - Beastly Appendage              Transmutation                1
   b - Sticks to Snakes               Transmutation                2
   c - Spider Form                    Transmutation/Poison         3
   d - Ice Form                       Ice/Transmutation            4
   e - Blade Hands                    Transmutation                5
Comestibles
 c - a bread ration
 i - a royal jelly
 j - a slice of pizza


   Skills:
 + Level 1.1 Fighting
 + Level 2.0 Dodging
 + Level 3.2 Unarmed Combat
 + Level 2.0 Spellcasting
 + Level 2.0 Transmutations


You had 3 spell levels left.
You knew the following spells:

 Your Spells              Type           Power        Failure   Level  Hunger
a - Beastly Appendage     Trmt           ###...       1%          1    #......


Dungeon Overview and Level Annotations

Branches:
Dungeon (1/15)

Altars:


Innate Abilities, Weirdness & Mutations

Your plain brown scales are hard (AC +4).
Your body does not fit into most forms of armour.
You are cold-blooded and may be slowed by cold attacks.
You have a pair of horns on your head.
You are agile. (Dex +2)
Your flesh is heat resistant.
You occasionally shout uncontrollably at your foes.


Message History

The jackal bites you.
* * * LOW HITPOINT WARNING * * *
The rat bites you but does no damage.
The jackal bites you but does no damage.
The jackal misses you.
Casting: Beastly Appendage
Confirm with . or Enter, or press ? or * to list all spells.
Okay, then.
Eat which item? (? for menu, Esc to quit)
Okay, then.
Drink which item? (? for menu, Esc to quit)
It was a potion of mutation.
You feel extremely strange.
You feel resistant to heat.
You feel the urge to shout.
You feel agile. The jackal closely misses you. The rat bites you.
* * * LOW HITPOINT WARNING * * *
The jackal bites you but does no damage.
You closely miss the jackal. The jackal completely misses you.
The jackal closely misses you. The rat bites you but does no damage.
The jackal closely misses you. The jackal bites you.
You die...

######## #####
#.......###....#
#.....#.#.#...# #.
#...#..#..#..#
.#...#.#...#...#.#
..................
.w...###.†w..#####
... #.#rhh...# .
#..#@.##.# #...#.##.#
##################.##
.............# #...#
.........##.## #...#
#.######.##.# #...#
####.# #.##.# ##.##
.....######.##.# #.#
###............# #.#


You could see a dart slug, 2 jackals and a rat.

Vanquished Creatures
  A hobgoblin (D:1)
  A jackal (D:1)
  A kobold (D:1)
  A goblin (D:1)
  2 rats (D:1)
6 creatures vanquished.

Notes
Turn   | Place    | Note
--------------------------------------------------------------
     0 | D:1      | santipi the Draconian Transmuter began the quest for the Orb.
     0 | D:1      | Reached XP level 1. HP: 16/16 MP: 3/3
   413 | D:1      | Gained mutation: Your flesh is heat resistant. [potion of mutation]
   413 | D:1      | Gained mutation: You occasionally shout uncontrollably at your foes. [potion of mutation]
   413 | D:1      | Gained mutation: You are agile. (Dex +2) [potion of mutation]
   414 | D:1      | Slain by a jackal

Skill      XL: |  1 |
---------------+----+-----
Dodging        | 2 |  2.0
Fighting       | |  1.1
Unarmed Combat | |  3.2
Spellcasting   | |  2.0
Transmutations | |  2.0

Action                   || total
-------------------------++-------
Melee: Mace              ||    18
       Tailslap          ||     2
 Cast: Beastly Appendage ||     1
  Use: Scroll            ||     3
       Potion            ||     2
Armor: Skin              ||    15
Dodge: Dodged            ||    26
